 Dungeon Crawl Stone Soup version 0.23.2-40-g277498a001 (webtiles) character file.

Game seed: 310858869237601029

137 Descartes the Skirmisher (level 5, -2/42 HPs)
             Began as a Formicid Abyssal Knight on Sept 24, 2019.
             Was a Believer of Lugonu.
             Slain by a scorpion (5 damage)
             ... on level 4 of the Dungeon.
             The game lasted 00:06:15 (2979 turns).

Descartes the Skirmisher (Formicid Abyssal Knight)  Turns: 2979, Time: 00:06:16

Health: -2/42      AC:  9    Str: 16 (18) XL:     5   Next: 43%
Magic:  7/7        EV:  7    Int:  9 (11) God:    Lugonu [**....]
Gold:   148        SH:  0    Dex:  8 (10) Spells: 4/4 levels left

rFire    . . .     SeeInvis +   a - +1 hand axe
rCold    . . .     Gourm    .   (no shield)
rNeg     . . .     Faith    .   g - +0 chain mail
rPois    .         Spirit   .   (helmet unavailable)
rElec    .         Reflect  .   (no cloak)
rCorr    .         Harm     .   (no gloves)
MR       .....                  (no boots)
Stlth    ..........             (no amulet)
HPRegen  0.14/turn              (no ring)
MPRegen  0.10/turn              (no ring)

@: lethally poisoned (-2 -> -10)
A: permanent stasis, dig shafts and tunnels, four strong arms, antennae 3
a: Dig, Shaft Self, Depart the Abyss, Bend Space, Renounce Religion


You were on level 4 of the Dungeon.
You worshipped Lugonu.
Lugonu was pleased with you.
You were not hungry.

You visited 1 branch of the dungeon, and saw 4 of its levels.
You visited the Abyss 1 time.

You collected 148 gold pieces.

Inventory:

Hand Weapons
 a - a +1 hand axe (weapon)
 w - a +0 mace
 x - a +0 blowgun
Missiles
 e - 22 poisoned needles
 k - 29 stones (quivered)
 o - 18 arrows
 p - 20 bolts
Armour
 b - a +0 leather armour
 g - a +0 chain mail (worn)
 i - a +0 ring mail
Scrolls
 d - 4 scrolls of identify {unknown}
 f - a scroll of teleportation {unknown}
 h - a scroll of fear {unknown}
 l - 3 scrolls of enchant armour {unknown}
 m - a scroll of magic mapping {unknown}
 r - a scroll of amnesia {unknown}
 u - a scroll of enchant weapon {unknown}
 v - a scroll of noise {unknown}
 y - a scroll of remove curse {unknown}
Potions
 j - a potion of mutation {unknown}
 n - a potion of curing {unknown}
 q - a potion of degeneration
 t - a potion of lignification {unknown}
 z - 2 potions of flight {unknown}
 A - a potion of heal wounds {unknown}
 B - 2 potions of cancellation {unknown}
Comestibles
 c - 2 rations
 s - a chunk of flesh


   Skills:
 + Level 4.2 Fighting
 - Level 2.2 Axes
 + Level 3.3 Armour
 + Level 2.2 Dodging
 + Level 3.5 Invocations


You had 4 spell levels left.
You didn't know any spells.
Your spell library was empty.

Dungeon Overview and Level Annotations

Branches:
Dungeon (4/15)
 Temple: D:4-7

Altars:
Ashenzari
Wu Jian

Annotations:
D:2 Grinder


Innate Abilities, Weirdness & Mutations

You cannot be hasted, slowed, berserked, paralysed or teleported.
You can dig through walls and to a lower floor.
Your four strong arms can wield two-handed weapons with a shield.
You have a pair of large antennae on your head. (SInv)


Message History

The scorpion is heavily wounded.
* * * LOW HITPOINT WARNING * * *
You feel sick. The scorpion closely misses you.
Unknown command.
You hit the scorpion but do no damage.
The scorpion is moderately wounded.
* * * LOW HITPOINT WARNING * * *
You feel sick. The scorpion stings you.
* * * LOW HITPOINT WARNING * * *
You hit the scorpion.
The scorpion is heavily wounded.
* * * LOW HITPOINT WARNING * * *
You feel sick. The scorpion stings you.
* * * LOW HITPOINT WARNING * * *
It was a potion of degeneration.
There was something very wrong with that liquid.
You feel weakened.
You feel dopey.
You feel clumsy.
* * * LOW HITPOINT WARNING * * *
You feel sick. The scorpion stings you.
You die...

# #.##.# #.##..
.. #....# .#
#.##<##.#
#.#...#.#
#<......#
###...### #...#
#.@.# #†s.#
.......
...........
...........<...
######...##....
#...# ####
#...#


You could see a scorpion.

Vanquished Creatures
  An orc priest (D:3)
  An adder (D:3)
  2 oozes
  7 dart slugs
  6 leopard geckos
  7 orcs (D:3)
  3 ball pythons
  3 giant cockroaches
  9 goblins
  4 hobgoblins
  3 jackals (D:1)
  4 kobolds
  3 quokkas (D:3)
  2 bats
  4 frilled lizards
  3 rats
62 creatures vanquished.

Notes
Turn   | Place    | Note
-------+----------+-------------------------------------------
     0 | Abyss:1  | Descartes the Formicid Abyssal Knight began the quest for
                  | the Orb.
     0 | Abyss:1  | Reached XP level 1. HP: 18/18 MP: 2/2
    51 | D:1      | Escaped the Abyss
    75 | D:1      | Reached skill level 1 in Dodging
   143 | D:1      | Reached XP level 2. HP: 19/24 MP: 3/3
   786 | D:1      | Reached XP level 3. HP: 29/29 MP: 4/4
   943 | D:2      | Found an ornate altar of the Wu Jian Council.
  1045 | D:2      | Reached ** piety under Lugonu
  1484 | D:2      | Reached XP level 4. HP: 37/37 MP: 6/6
  1567 | D:3      | Noticed Grinder
  1821 | D:3      | Reached skill level 4 in Fighting
  1824 | D:3      | Reached XP level 5. HP: 6/42 MP: 7/7
  2439 | D:3      | Found a shattered altar of Ashenzari.
  2602 | D:3      | Found a faded altar of an unknown god.
  2979 | D:4      | Slain by a scorpion

Skill      XL: |  1  2  3  4 |
---------------+-------------+-----
Dodging        | 1 2 |  2.2
Invocations    | 3 |  3.5
Armour         | 3 |  3.3
Fighting       | 4 |  4.2
Axes           | |  2.2

Action                   |  1- 3 |  4- 6 || total
-------------------------+-------+-------++-------
Melee: Hand axe          |   106 |   102 ||   208
Invok: Bend Space        |       |     3 ||     3
 Abil: Dig               |     1 |       ||     1
  Use: Potion            |       |     1 ||     1
  Eat: Chunk             |     2 |     5 ||     7
Armor: Leather armour    |    10 |       ||    10
       Ring mail         |    27 |       ||    27
       Chain mail        |     5 |    53 ||    58
Dodge: Dodged            |    51 |    57 ||   108
